 Dungeon Crawl Stone Soup version 0.30-a0-292-g0f741e3f8e (webtiles) character file.

Game seed: 12998271338979306027

1703 jlumianski the Chopper (level 8, -3/61 HPs)
             Began as a Demonspawn Gladiator on Oct 17, 2022.
             Was an Initiate of Qazlal.
             Slain by a human
             ... wielding a +2 vorpal hand axe
              (4 damage)
             ... in a bailey.
             The game lasted 00:24:41 (5671 turns).

jlumianski the Chopper (Demonspawn Gladiator)       Turns: 5671, Time: 00:24:42

Health: -3/61      AC: 14    Str: 17    XL:     8   Next: 73%
Magic:  9/9        EV: 12    Int: 16    God:    Qazlal [......]
Gold:   366        SH:  0    Dex: 14    Spells: 7/7 levels left

rFire   . . .      SeeInvis .    a - +0 war axe
rCold   . . .      Faith    .    (no shield)
rNeg    . . .      Spirit   .    f - +0 swamp dragon scales
rPois   +          Reflect  .    c - +0 helmet
rElec   .          Harm     .    (no cloak)
rCorr   .          Rampage  .    g - +0 pair of gloves
Will    .....                    s - +0 pair of boots
Stlth   +.........               (no amulet)
HPRegen 0.30/turn                l - +6 ring of intelligence
MPRegen 0.11/turn                (no ring)

@: no status effects
A: yellow scales 2, demonic guardian 1, weakness stinger 1
a: Renounce Religion


You were in a bailey.
You worshipped Qazlal.
Qazlal was noncommittal.
You visited 2 branches of the dungeon, and saw 8 of its levels.
You also visited: Bailey.

You collected 409 gold pieces.
You spent 43 gold pieces at shops.

Inventory:

Hand Weapons
 a - a +0 war axe (weapon)
 r - a +1 rapier of freezing
 z - a +2 vampiric spear
Missiles
 d - 3 throwing nets
 e - 3 javelins (quivered)
 k - 9 boomerangs
 o - 15 poisoned darts
 y - 6 atropa-tipped darts
Armour
 b - a +0 leather armour
 c - a +0 helmet (worn)
 f - +0 swamp dragon scales (worn)
 g - a +0 pair of gloves (worn)
 i - a +0 ring mail
 s - a +0 pair of boots (worn)
 u - a +0 scale mail
Magical Staves
 n - a staff of death
Jewellery
 l - a +6 ring of intelligence (left hand)
Wands
 q - a wand of roots (10)
 A - a wand of digging (7)
 C - a wand of charming (9)
Scrolls
 h - a scroll of magic mapping
 p - a scroll of immolation
 w - a scroll of amnesia
 x - 2 scrolls of poison
 B - a scroll of vulnerability {unknown}
Potions
 j - a potion of resistance
 m - a potion of might
 t - a potion of degeneration {unknown}
 v - a potion of curing
 D - a potion of invisibility {unknown}


   Skills:
 + Level 4.5 Fighting
 + Level 7.6 Axes
 + Level 2.0 Throwing
 + Level 3.9 Armour
 + Level 4.3 Dodging
 - Level 0.5 Stealth
 * Level 2.5 Invocations
 * Level 1.9 Evocations


You had 7 spell levels left.
You didn't know any spells.
Your spell library contained the following spells:

 Spells                   Type           Power      Damage    Failure   Level
 Beastly Appendage        Tmut           0%         N/A       41%         1
 Wereblood                Tmut           0%         N/A       54%         2
 Spider Form              Tmut/Pois      0%         N/A       78%         3


Dungeon Overview and Level Annotations

Branches:
Dungeon (7/15)             Temple (1/1) D:7          Bailey (1/1)

Altars:
Ashenzari
Cheibriados
Dithmenos
Fedhas
Gozag
Kikubaaqudgha
Nemelex Xobeh
Okawaru
Qazlal
Ru
Sif Muna
Trog
Uskayaw
Vehumet
Xom
Yredelemnul

Shops:
D:1 (   D:4 (


Innate Abilities, Weirdness & Mutations

You are mostly covered in yellow scales. (AC +3)
A weak demonic guardian rushes to your aid.
You have a small tail.


Message History

The human is severely wounded.
You hit the human.
The human hits you with a +2 vorpal hand axe.
* * * LOW HITPOINT WARNING * * *
x2 The human misses you.
You barely miss the human.
The human is severely wounded.
You hit the human but do no damage.
The human hits you with a +1 vorpal hand axe.
* * * LOW HITPOINT WARNING * * *
x2 A demonic guardian appears!
The human barely misses you.
You hit the human.
The human is severely wounded.
You hit the human but do no damage. The human misses you.
The human hits you but does no damage.
You hit the human but do no damage.
Your tail-slap misses the human.
The human is severely wounded.
You barely miss the human. The human closely misses you.
The human barely misses you. The human misses you. The human barely misses you.
The human hits your iron imp with a +1 vorpal hand axe.
You closely miss the human.
The human is severely wounded.
You hit the human but do no damage.
Your iron imp hits the human.
The human hits you with a +2 vorpal hand axe.
* * * LOW HITPOINT WARNING * * *
x2 The human hits you but does no damage.
The human hits your iron imp with a +1 vorpal hand axe.
You completely miss the human.
You tail-slap the human, but do no damage.
The human is severely wounded.
You hit the human but do no damage.
Your iron imp hits the human but does no damage.
The human closely misses you.
The human hits your iron imp with a +1 vorpal hand axe.
The human hits you with a +2 vorpal hand axe.
* * * LOW HITPOINT WARNING * * *
x2 You feel better.
Your iron imp misses the human.
The human hits you with a +2 vorpal hand axe!
* * * LOW HITPOINT WARNING * * *
You die...

#####
##...##
#.....#
#.∩.∩.#
#..5..#
##@p(####
#p#†#~~##
.g#~~~~~#
...#~~~~~#
#...#~~~~~#
#..(##~~~##
#..####+##
#..


You could see 2 humans, a hobgoblin and a friendly iron imp (summoned).

Vanquished Creatures
  Maggie (D:6)
  A human (Bailey)
  A steam dragon (D:6)
  A sky beast (D:7)
  A necrophage (D:5)
  4 bullfrogs
  2 scorpions (D:5)
  An orc priest (D:5)
  A hound (D:4)
  Natasha (thrice) (D:2)
  3 iguanas (D:4)
  3 orc wizards
  11 gnolls
  9 adders
  A shadow imp (D:7)
  2 white imps (D:5)
  2 ufetubi
  4 worms
  3 dart slugs
  11 orcs
  11 bats
  8 endoplasms
  A giant cockroach (D:4)
  10 goblins
  7 hobgoblins
  4 jackals (D:4)
  2 quokkas
  7 ball pythons
  2 frilled lizards (D:1)
  7 kobolds
  8 rats
132 creatures vanquished.

Vanquished Creatures (others)
  A gnoll (D:6)
  6 fungi (D:6)
  A plant (D:4)
  4 toadstools (D:6)
12 creatures vanquished.

Grand Total: 144 creatures vanquished

Notes
Turn   | Place    | Note
-------+----------+-------------------------------------------
     0 | D:1      | jlumianski the Demonspawn Gladiator began the quest for the
                  | Orb.
     0 | D:1      | Reached XP level 1. HP: 16/16 MP: 1/1
   121 | D:1      | Reached skill level 3 in Axes
   121 | D:1      | Gained mutation: You are partially covered in yellow
                  | scales. (AC +2) [demonic ancestry]
   121 | D:1      | Reached XP level 2. HP: 18/22 MP: 2/2
   238 | D:1      | Found Uhomest's Weapon Boutique.
   790 | D:2      | Gained mutation: You have a small tail. [demonic ancestry]
   790 | D:2      | Reached XP level 3. HP: 22/27 MP: 3/3
  1386 | D:2      | Reached skill level 4 in Axes
  1386 | D:2      | Reached XP level 4. HP: 34/34 MP: 4/4
  1450 | D:3      | Noticed Natasha
  1467 | D:2      | Reached skill level 1 in Armour
  1909 | D:2      | Killed Natasha
  1910 | D:2      | Reached XP level 5. HP: 25/39 MP: 5/5
  2095 | D:2      | Noticed Natasha
  2099 | D:2      | Killed Natasha
  2152 | D:3      | Found a faded altar of an unknown god.
  2454 | D:2      | Noticed Natasha
  2461 | D:2      | Killed Natasha
  2561 | D:3      | Found a bloodstained altar of Trog.
  2859 | D:3      | Gained mutation: You are mostly covered in yellow scales.
                  | (AC +3) [demonic ancestry]
  2859 | D:3      | Reached XP level 6. HP: 44/46 MP: 6/6
  2968 | D:5      | Entered Level 5 of the Dungeon
  3013 | D:4      | Reached skill level 5 in Axes
  3673 | D:5      | Gained mutation: A weak demonic guardian rushes to your
                  | aid. [demonic ancestry]
  3673 | D:5      | Reached XP level 7. HP: 52/52 MP: 7/7
  3705 | D:4      | Found a hide-covered altar of Uskayaw.
  3705 | D:4      | Found a sparkling altar of Nemelex Xobeh.
  3792 | D:4      | Found a basalt altar of Yredelemnul.
  3811 | D:4      | Found a broken altar of Ashenzari.
  3814 | D:4      | Found a blossoming altar of Fedhas.
  4062 | D:4      | Found Becocs's Weapon Emporium.
  4084 | D:4      | Bought 6 atropa-tipped darts for 43 gold pieces
  4208 | D:4      | Found a sacrificial altar of Ru.
  4612 | D:4      | Reached skill level 6 in Axes
  5029 | D:6      | Noticed Maggie
  5047 | D:6      | Killed Maggie
  5048 | D:6      | Reached XP level 8. HP: 29/60 MP: 8/8
  5191 | D:7      | Found a staircase to the Ecumenical Temple.
  5201 | Temple   | Entered the Ecumenical Temple
  5208 | Temple   | Became a worshipper of Qazlal Stormbringer
  5238 | D:7      | Reached skill level 7 in Axes
  5327 | D:6      | Reached skill level 1 in Invocations
  5327 | D:6      | Reached skill level 1 in Evocations
  5479 | D:7      | Found a flagged portal.
  5491 | Bailey   | Entered a bailey
  5671 | Bailey   | HP: 1/61 [human/+2 vorpal hand axe (12)]
  5671 | Bailey   | Slain by a human

Illustrated notes

Levels and vault maps discovered:
D:1:      erik_arrival_blinker_ship, layout_basic, serial_shops, shop
D:2:      layout_basic, minmay_domino_4
D:3:      layout_rooms, lemuel_round_altar, nicolae_ecumenical_oubliette,
          uniq_natasha
D:4:      layout_rooms, nicolae_ru_the_path_less_chosen,
          nicolae_overflow_hallway_of_the_gods, serial_shops, shop
D:5:      layout_basic, amcnicky_mini_rare_corridor_liquid,
          kennysheep_generic_room_16, uniq_eustachio
D:6:      layout_rooms, kennysheep_little_box, dk_vineyard_3,
          minmay_gold_behind_fungi, uniq_sigmund, uniq_maggie
D:7:      layout_gridville, minmay_temple_entry_antechambers,
          lightli_bailey_entry_fortress, serial_shops, shop,
          columned_hall_lemuel
Temple:   nicolae_temple_x_marks_the_god
Bailey:   bailey_axe_froggy_fort_hellmonk, bailey

Skill      XL: |  1  2  3  4  5  6  7  8 |
---------------+-------------------------+-----
Axes           | 3 4 5 6 7 |  7.6
Dodging        | 3 4 |  4.3
Armour         | 1 2 3 |  3.9
Fighting       | 3 4 |  4.5
Throwing       | 2 |  2.0
Invocations    | 2 |  2.5
Evocations     | 1 |  1.9
Stealth        | |  0.5

Action                   |  1- 3 |  4- 6 |  7- 9 || total
-------------------------+-------+-------+-------++-------
Melee: War axe           |    98 |   237 |   168 ||   503
       Tailslap          |     4 |    28 |    23 ||    55
       Punch             |       |     3 |     2 ||     5
Throw: Boomerang         |     3 |     1 |     3 ||     7
       Javelin           |       |       |     2 ||     2
  Use: Scroll            |     3 |     2 |     5 ||    10
       Potion            |     1 |       |     3 ||     4
Armor: Leather armour    |    12 |       |       ||    12
       Ring mail         |    45 |    39 |       ||    84
       Scale mail        |       |   110 |    43 ||   153
       Swamp dragon scal |       |       |    55 ||    55
Dodge: Dodged            |    78 |   166 |   111 ||   355

Table legend: (Time is in decaauts)
 A = Elapsed time spent in this place.
 B = Non-inter-level travel time spent in this place.
 C = Inter-level travel time spent in this place.
 D = Time resting spent in this place.
 E = Time spent auto-exploring this place.
 F = Levels seen in this place.
 G = Mean time per level.
                   A        B        C        D        E       F      G
               +--------+--------+--------+--------+--------+-----+--------+
         Total |   5826 |   5772 |     54 |    913 |   1995 |   9 |  647.3 |
       Dungeon |   5614 |   5560 |     54 |    799 |   1995 |   7 |  802.0 |
        Temple |     20 |     20 |      0 |      0 |      0 |   1 |   20.0 |
        Bailey |    191 |    191 |      0 |    114 |      0 |   1 |  191.0 |
               +--------+--------+--------+--------+--------+-----+--------+

Top non-repeatable levels by time:
     D:2: 1299 daAuts
     D:1: 1165 daAuts
     D:4: 1073 daAuts
     D:3: 853 daAuts
     D:5: 771 daAuts
     D:6: 283 daAuts
  Bailey: 191 daAuts
     D:7: 167 daAuts
  Temple: 20 daAuts
